 Dungeon Crawl Stone Soup version 0.25.0-9-g26727b6 (webtiles) character file.

Game seed: 7941258229188657297

109 r3xj the Covered (level 4, -2/37 HPs)
             Began as a Barachi Fighter on June 19, 2020.
             Was an Initiate of Cheibriados.
             Slain by Edmund
             ... wielding a +0 dire flail of holy wrath
              (3 damage)
             ... on level 4 of the Dungeon.
             The game lasted 00:06:28 (3922 turns).

r3xj the Covered (Barachi Fighter)                  Turns: 3922, Time: 00:06:29

Health: -2/37      AC: 12    Str: 20    XL:     4   Next: 90%
Magic:  2/4        EV:  5    Int:  9    God:    Cheibriados [......]
Gold:   186        SH:  9    Dex: 12    Spells: 3/3 levels left

rFire    . . .     SeeInvis .   a - +0 long sword
rCold    . . .     Gourm    .   c - +0 kite shield
rNeg     . . .     Faith    .   w - +0 chain mail
rPois    .         Spirit   .   r - +2 helmet
rElec    .         Reflect  .   (no cloak)
rCorr    .         Harm     .   (no gloves)
MR       .....                  (no boots)
Stlth    ..........             (no amulet)
HPRegen  0.12/turn              (no ring)
MPRegen  0.09/turn              (no ring)

@: mighty, very slow
A: +LOS, swims, slowness 1, strong legs 1
a: Hop, Bend Time, Renounce Religion


You were on level 4 of the Dungeon.
You worshipped Cheibriados.
Cheibriados was noncommittal.
You were near starving.

You visited 2 branches of the dungeon, and saw 5 of its levels.

You collected 186 gold pieces.

Inventory:

Hand Weapons
 a - a +0 long sword (weapon)
Armour
 c - a +0 kite shield (worn)
 r - a +2 helmet (worn)
 w - a +0 chain mail (worn)
Jewellery
 o - a cursed ring of teleportation {unknown}
Wands
 v - a wand of polymorph (6)
Scrolls
 h - 5 scrolls of teleportation {unknown}
 i - a scroll of enchant weapon {unknown}
 k - 3 scrolls of amnesia {unknown}
 l - 6 scrolls of identify {unknown}
 m - a scroll of remove curse {unknown}
 n - 2 scrolls of magic mapping {unknown}
 q - a scroll of enchant armour {unknown}
 s - a scroll of immolation {unknown}
Potions
 b - a potion of magic {unknown}
 d - a potion of might
 e - 3 potions of lignification {unknown}
 g - 2 potions of berserk rage {unknown}
 j - 2 potions of flight {unknown}
 p - 2 potions of stabbing {unknown}
 u - a potion of degeneration {unknown}
Comestibles
 f - 7 rations


   Skills:
 + Level 4.2 Fighting
 + Level 3.9 Long Blades
 + Level 4.5 Armour
 + Level 1.0 Dodging
 + Level 0.1 Stealth
 + Level 3.9 Shields


You had 3 spell levels left.
You didn't know any spells.
Your spell library was empty.

Dungeon Overview and Level Annotations

Branches:
Dungeon (4/15)             Temple (1/1) D:4

Altars:
Ashenzari
Cheibriados
Dithmenos
Elyvilon
Fedhas
Hepliaklqana
Kikubaaqudgha
Makhleb
Nemelex Xobeh
Okawaru
Qazlal
Ru
Sif Muna
Trog
Uskayaw
Vehumet
Wu Jian
Xom
Yredelemnul
Zin
The Shining One

Annotations:
D:4 Edmund, Grinder, Sigmund


Innate Abilities, Weirdness & Mutations

You can be seen from farther away. (+LOS)
You can swim through water.
You cover ground slowly.
You can hop short distances.


Message History

Edmund is heavily wounded.
You block Edmund's attack.
You feel very mighty all of a sudden. Edmund hits you but does no damage.
You hit Edmund.
Edmund is heavily wounded.
You block Edmund's attack.
You slash Edmund!
Edmund is severely wounded.
You block Edmund's attack.
Your shield and chain mail prevent you from hitting Edmund.
Edmund is severely wounded.
You block Edmund's attack.
You hit Edmund but do no damage.
Edmund is severely wounded.
Edmund says, "A flail is better than a scythe, any day of the week!"
Edmund hits you with a +0 dire flail of holy wrath.
* * * LOW HITPOINT WARNING * * *
Edmund hits you with a +0 dire flail of holy wrath.
You die...

#..... ..#.# #.....
#.#.# #..... #.#.#
#....# #.#.# #....#
#.#.# #....# #.#.#
#....# #.#.# #..@.#
#...# #+# #...@#
###'### #.# ###..#
#.....# #.#
#....#####.###.###.#
#.#......'.'>#.'.#.#
#.#####..#.###.#...#
#.....'..#.....###.#
#######..###+### #.#
#.......# #.#
#.....>.# #.#


You could see Edmund.

Vanquished Creatures
  A hound (D:4)
  Robin (D:2)
  An adder (D:2)
  A gnoll (D:1)
  3 leopard geckos (D:1)
  2 orcs
  2 giant cockroaches
  11 goblins
  7 hobgoblins
  A quokka (D:4)
  4 bats
  4 frilled lizards
  5 kobolds
  A rat (D:1)
44 creatures vanquished.

Notes
Turn   | Place    | Note
-------+----------+-------------------------------------------
     0 | D:1      | r3xj the Barachi Fighter began the quest for the Orb.
     0 | D:1      | Reached XP level 1. HP: 18/18 MP: 1/1
   373 | D:1      | Reached XP level 2. HP: 25/25 MP: 2/2
   609 | D:1      | Reached XP level 3. HP: 8/30 MP: 3/3
  1112 | D:2      | Found a faded altar of an unknown god.
  1645 | D:2      | Noticed Robin
  2008 | D:2      | Killed Robin
  2008 | D:2      | Reached XP level 4. HP: 35/37 MP: 4/4
  2329 | D:3      | Found a snail-covered altar of Cheibriados.
  3148 | D:4      | Noticed Sigmund
  3205 | D:4      | Noticed Grinder
  3484 | D:4      | Found a staircase to the Ecumenical Temple.
  3495 | Temple   | Entered the Ecumenical Temple
  3843 | Temple   | Became a worshipper of Cheibriados the Contemplative
  3897 | D:4      | Noticed Edmund
  3906 | D:4      | Reached skill level 1 in Dodging
  3916 | D:4      | HP: 1/37 [Edmund/+0 dire flail of holy wrath (5)]
  3922 | D:4      | HP: 1/37 [Edmund/+0 dire flail of holy wrath (1)]
  3922 | D:4      | Slain by Edmund

Illustrated notes

Levels and vault maps discovered:
D:1:      psy_arrival_fountain, layout_loops_ring, ebering_dispersal_statue_hall
D:2:      layout_loops_ring, first_ration,
          chequers_ecumenical_altar_simple_redux, uniq_robin
D:3:      layout_loops_corners, cheibriados_altar_1
D:4:      layout_basic, minmay_temple_entry_glassed_door, grunt_tough_drop,
          uniq_sigmund, uniq_grinder, uniq_edmund
Temple:   compressed_dpeg_triangle_lava_temple

Skill      XL: |  1  2  3  4 |
---------------+-------------+-----
Armour         | 4 |  4.5
Fighting       | 4 |  4.2
Long Blades    | 3 |  3.9
Dodging        | 1 |  1.0
Stealth        | |  0.1
Shields        | |  3.9

Action                   |  1- 3 |  4- 6 || total
-------------------------+-------+-------++-------
Melee: Long sword        |   109 |    65 ||   174
       Unarmed           |       |     9 ||     9
Invok: Bend Time         |       |     1 ||     1
 Abil: Hop               |     1 |       ||     1
  Use: Potion            |       |     1 ||     1
  Eat: Chunk             |     1 |     5 ||     6
       Ration            |     1 |       ||     1
Armor: Scale mail        |    66 |    12 ||    78
       Chain mail        |       |    13 ||    13
Dodge: Dodged            |    36 |    16 ||    52
Block: Kite shield       |    68 |    34 ||   102
       Rpst.: Long sword |    13 |     4 ||    17
